Map: Abiogenesis LE

Players

Infamous - Winner!

  • Race: Protoss Protoss
  • League: Silver
  • Spawn Location: 11:00

Cetme

  • Race: Protoss Protoss
  • League: Silver
  • Spawn Location: 5:00

VOD

Have the link to the VOD?

Description

Time

  • Played on: March 22, 2018, 11:54 a.m.
  • Length: 10:14
Show
View Real Time Build Order
Export as new Build Order

Infamous Protoss - Winner!

Build Orders:  

Get SALT Encoding   

  12  0:01  Probe  
  14  0:14  Probe  
  14  0:18  Pylon  
  14  0:26  Probe  
  15  0:37  Gateway  
  15  0:39  Probe (Chrono Boost)  
  16  0:52  Probe (Chrono Boost)  
  16  0:53  Assimilator  
  17  0:59  Probe  
  18  1:19  Probe (Chrono Boost)  
  18  1:22  Assimilator  
  18  1:24  Cybernetics Core  
  19  1:31  Probe (Chrono Boost)  
  20  1:34  Zealot  
  20  1:37  Probe (Chrono Boost)  
  23  1:43  Pylon  
  23  1:57  Pylon  
  23  2:00  Warp Gate  
  24  2:01  Probe  
  24  2:13  Probe  
  25  2:18  Pylon  
  25  2:19  Robotics Facility  
  24  2:30  Probe  
  24  2:33  Zealot (Chrono Boost)  
  27  2:42  Probe  
  28  2:49  Gateway  
  28  2:51  Gateway  
  28  2:58  Sentry  
  30  2:59  Probe  
  31  3:06  Observer (Chrono Boost)  
  31  3:12  Probe  
  33  3:16  Robotics Bay  
  33  3:24  Probe  
  34  3:35  Immortal  
  34  3:37  Probe  
  39  3:54  Pylon  
  39  4:04  Extended Thermal Lance  
  39  4:11  Nexus  
  39  4:16  Probe  
  40  4:28  Probe  
  39  4:44  Stalker  
  39  4:45  Stalker x2  
  39  5:06  Immortal (Chrono Boost)  
  43  5:09  Zealot x2  
  44  5:18  Sentry  
  37  5:47  Probe (Chrono Boost)  
  38  5:55  Probe (Chrono Boost), Gateway  
  39  6:07  Disruptor (Chrono Boost)  
  42  6:18  Forge  
  42  6:19  Probe (Chrono Boost)  
  42  6:23  Probe (Chrono Boost)  
  44  6:29  Probe (Chrono Boost)  
  44  6:32  Probe (Chrono Boost)  
  46  6:41  Probe (Chrono Boost)  
  46  6:43  Probe  
  48  6:52  Probe  
  48  6:53  Gateway  
  49  6:55  Probe  
  49  6:58  Protoss Ground Weapons Level 1  
  49  7:00  Stalker  
  52  7:02  Zealot  
  52  7:04  Sentry  
  56  7:19  Probe (Chrono Boost)  
  58  7:25  Probe (Chrono Boost)  
  58  7:29  Probe (Chrono Boost)  
  59  7:32  Zealot  
  59  7:33  Probe (Chrono Boost)  
  62  7:41  Pylon  
  62  7:43  Pylon  
  62  7:54  Pylon  
  62  7:58  Disruptor (Chrono Boost)  
  62  7:59  Probe x2  
  62  8:03  Zealot x2  
  62  8:04  Pylon, Sentry  
  62  8:05  Stalker  
  75  8:27  Assimilator  
  75  8:28  Immortal (Chrono Boost), Assimilator  
  79  8:37  Photon Cannon  
  79  8:39  Photon Cannon  
  79  8:41  Shield Battery  
  67  9:11  Stalker x5  
  66  9:45  Stalker x2  
  64  9:46  Stalker x3  
  68  10:09  Gateway  
Show
View Real Time Build Order
Export as new Build Order

Cetme Protoss 

Build Orders:  

Get SALT Encoding   

  12  0:01  Probe  
  13  0:13  Probe  
  14  0:25  Probe  
  15  0:32  Pylon  
  15  0:50  Probe  
  15  0:54  Gateway  
  16  0:58  Gateway  
  16  1:02  Probe  
  17  1:08  Gateway  
  17  1:20  Pylon  
  17  1:21  Probe  
  18  1:33  Probe  
  19  1:42  Zealot  
  19  1:45  Probe  
  19  1:46  Zealot  
  24  1:56  Zealot  
  24  1:57  Probe  
  27  2:09  Probe  
  27  2:14  Pylon  
  28  2:17  Zealot  
  30  2:32  Zealot  
  30  2:36  Zealot  
  34  2:40  Probe  
  35  2:52  Probe  
  35  2:56  Pylon  
  35  2:57  Zealot  
  38  3:03  Pylon  
  38  3:04  Probe  
  39  3:16  Probe  
  44  3:21  Zealot x2 (Chrono Boost)  
  44  3:23  Zealot (Chrono Boost)  
  46  3:28  Probe  
  47  3:40  Probe, Assimilator  
  52  3:41  Zealot x2  
  52  3:45  Assimilator  
  52  3:49  Zealot  
  52  3:52  Probe  
  55  4:02  Pylon  
  55  4:08  Pylon  
  55  4:10  Pylon  
  55  4:21  Probe  
  56  4:33  Probe  
  51  5:15  Zealot  
  51  5:17  Zealot  
  51  5:18  Zealot  
  51  5:20  Probe  
  52  5:27  Forge  
  50  5:31  Cybernetics Core  
  50  5:32  Probe  
  45  5:38  Gateway  
  45  5:40  Gateway  
  45  5:44  Probe  
  45  5:49  Zealot  
  48  5:50  Zealot  
  48  5:52  Zealot  
  48  5:56  Probe  
  53  6:00  Protoss Ground Weapons Level 1  
  53  6:08  Probe  
  53  6:10  Protoss Air Weapons Level 1  
  54  6:18  Zealot  
  56  6:19  Zealot  
  56  6:20  Probe  
  56  6:21  Zealot  
  61  6:26  Stalker  
  61  6:27  Stalker  
  65  6:33  Probe  
  66  6:45  Probe  
  67  6:52  Nexus  
  67  6:55  Pylon  
  67  6:58  Pylon  
  67  7:03  Assimilator  
  67  7:07  Assimilator, Zealot  
  69  7:08  Zealot  
  69  7:10  Zealot  
  69  7:11  Stalker  
  75  7:28  Stalker  
  77  7:37  Photon Cannon  
  77  7:41  Photon Cannon  
  77  8:13  Probe  
  78  8:21  Gateway  
  78  8:25  Probe  
  79  8:29  Pylon  
  79  8:31  Pylon  
  79  8:34  Pylon  
  79  8:47  Twilight Council  
  73  8:58  Stalker  
  73  8:59  Stalker  
  73  9:00  Stalker  
  73  9:01  Stalker  
  77  9:03  Stalker  
  75  9:19  Stalker  
Tags
 
Matchup
PvP
Replay Pack
Last Remnant (2)
Spawn Locations
Cross Positions
Add a new tag
Caveats
  • Supply blocks, unpowered buildings, or Contaminate may cause inaccurate times.
  • Supply counts are checked every 10 seconds.